Map: Washout LE

Players

Arrogfire

  • Race: Protoss Protoss
  • League: Master
  • Spawn Location: 7:00

Elazer - Winner!

  • Race: Zerg Zerg
  • League: Master
  • Spawn Location: 1:00

Event: HomeStory Cup XXIX

VOD

Have the link to the VOD?

Description

Time

  • Played on: July 3, 2026, 11:28 a.m.
  • Length: 10:49

All games in this series

Show
View Real Time Build Order
Export as new Build Order

Arrogfire Protoss 

Build Orders: Oracle Opening 

Get SALT Encoding   

  8  0:00  Probe (Chrono Boost)  
  9  0:12  Probe (Chrono Boost)  
  10  0:17  Probe (Chrono Boost)  
  11  0:26  Probe  
  12  0:32  Pylon  
  12  0:39  Probe  
  13  0:51  Probe  
  13  0:54  Gateway  
  14  1:03  Probe (Chrono Boost)  
  15  1:04  Assimilator  
  15  1:12  Probe (Chrono Boost)  
  15  1:17  Probe (Chrono Boost)  
  17  1:29  Probe  
  18  1:45  Nexus  
  19  1:56  Cybernetics Core  
  19  2:00  Probe  
  19  2:07  Assimilator  
  19  2:12  Probe  
  20  2:16  Pylon  
  20  2:24  Probe  
  21  2:30  Adept (Chrono Boost)  
  21  2:36  Probe  
  24  2:41  Stargate  
  24  2:48  Probe  
  24  2:51  Warp Gate  
  25  2:53  Adept (Chrono Boost)  
  28  2:58  Probe  
  28  3:01  Probe  
  29  3:10  Probe (Chrono Boost)  
  30  3:18  Adept  
  30  3:19  Probe (Chrono Boost)  
  33  3:22  Probe (Chrono Boost)  
  33  3:26  Probe (Chrono Boost)  
  35  3:27  Probe (Chrono Boost)  
  35  3:32  Oracle (Chrono Boost)  
  39  3:37  Probe  
  39  3:41  Pylon, Probe  
  41  3:49  Probe  
  42  3:59  Probe  
  42  4:01  Probe  
  42  4:11  Probe  
  42  4:13  Probe, Gateway  
  42  4:14  Pylon  
  44  4:21  Oracle (Chrono Boost)  
  44  4:23  Probe  
  48  4:25  Probe  
  48  4:28  Pylon  
  49  4:35  Probe  
  49  4:37  Probe  
  51  4:39  Nexus  
  51  4:47  Probe  
  51  4:48  Assimilator  
  51  4:49  Oracle (Chrono Boost), Probe  
  51  4:50  Assimilator  
  56  4:59  Probe  
  57  5:01  Probe  
  57  5:03  Twilight Council, Forge  
  57  5:05  Pylon  
  58  5:08  Shield Battery  
  58  5:11  Probe  
  59  5:14  Probe  
  60  5:23  Probe  
  60  5:26  Gateway, Probe  
  60  5:27  Protoss Ground Weapons Level 1  
  62  5:28  Gateway  
  62  5:35  Probe  
  62  5:38  Probe  
  64  5:43  Blink (Chrono Boost)  
  64  5:48  Probe  
  65  5:50  Probe  
  65  5:52  Adept  
  65  5:54  Probe  
  69  6:00  Probe (Chrono Boost)  
  69  6:03  Stalker  
  73  6:05  Probe (Chrono Boost)  
  73  6:06  Probe (Chrono Boost)  
  73  6:10  Pylon  
  74  6:11  Templar Archives, Assimilator  
  74  6:15  Assimilator  
  74  6:17  Probe (Chrono Boost)  
  74  6:18  Probe (Chrono Boost)  
  77  6:19  Probe (Chrono Boost)  
  77  6:21  Stalker  
  77  6:22  Probe (Chrono Boost)  
  77  6:24  Probe (Chrono Boost)  
  81  6:27  Probe (Chrono Boost)  
  81  6:32  Probe (Chrono Boost)  
  72  6:39  Probe (Chrono Boost)  
  74  6:41  Shield Battery  
  74  6:42  Probe (Chrono Boost)  
  74  6:43  Stalker, Psionic Storm, Probe (Chrono Boost)  
  74  6:46  Probe (Chrono Boost)  
  78  6:48  Probe (Chrono Boost), Stalker  
  78  6:49  Probe (Chrono Boost)  
  78  6:50  Pylon  
  78  6:53  Probe  
  82  6:58  Probe  
  82  7:00  Probe  
  85  7:05  Probe, Pylon  
  86  7:11  Probe (Chrono Boost)  
  86  7:13  Stalker x2  
  89  7:16  Probe (Chrono Boost)  
  89  7:20  Pylon  
  91  7:22  Stalker  
  91  7:23  Stalker, Probe x2 (Chrono Boost)  
  91  7:28  Protoss Ground Weapons Level 2 (Chrono Boost), Probe x2 (Chrono Boost)  
  98  7:33  Gateway  
  98  7:36  Gateway  
  99  7:37  Charge  
  99  7:42  Gateway x2, High Templar x2  
  101  7:50  Stalker, High Templar  
  102  7:51  Pylon  
  102  7:57  Probe  
  105  8:04  Photon Cannon  
  105  8:06  Photon Cannon  
  105  8:07  Photon Cannon, Shield Battery  
  105  8:10  Pylon  
  103  8:14  Photon Cannon, High Templar  
  103  8:15  Shield Battery  
  105  8:20  Stalker x2  
  105  8:25  High Templar  
  111  8:28  Pylon  
  102  8:43  Probe x3 (Chrono Boost)  
  102  8:44  Stalker x3  
  102  8:45  High Templar x2  
  102  8:47  Stalker  
  117  8:55  Stalker, Probe (Chrono Boost)  
  122  9:01  Probe x2 (Chrono Boost)  
  122  9:04  Probe (Chrono Boost)  
  122  9:09  Stalker x4, Nexus  
  131  9:11  Pylon  
  118  9:26  Stalker  
  118  9:27  Stalker x2  
  109  9:40  Zealot x5, Probe  
  109  9:43  Probe x2  
  122  9:47  Robotics Facility  
  114  9:54  Probe  
  114  9:59  High Templar  
  117  10:00  Zealot, Probe x2  
  117  10:04  Photon Cannon  
  117  10:05  Photon Cannon  
  117  10:06  Probe  
  122  10:09  Zealot x3  
  122  10:10  Zealot x3  
  130  10:17  Probe x2  
  126  10:27  Stalker  
Show
View Real Time Build Order
Export as new Build Order

Elazer Zerg - Winner!

Build Orders: Hatch First 

Get SALT Encoding   

  8  0:00  Drone  
  9  0:09  Drone  
  10  0:16  Drone  
  11  0:22  Drone  
  12  0:32  Overlord  
  12  0:36  Extractor  
  12  0:39  Drone  
  13  0:50  Drone x2  
  15  1:00  Drone  
  16  1:15  Hatchery  
  16  1:18  Drone  
  16  1:22  Drone  
  17  1:30  Drone  
  17  1:32  Extractor  
  17  1:41  Spawning Pool  
  17  1:45  Drone  
  17  1:50  Drone  
  18  1:59  Drone  
  19  2:14  Drone  
  20  2:19  Overlord  
  20  2:27  Queen x2  
  24  2:34  Metabolic Boost  
  24  2:38  Drone x2  
  24  2:41  Zergling x2  
  27  2:47  Drone x2  
  29  2:51  Overlord  
  29  3:00  Drone  
  30  3:07  Zergling x2  
  30  3:11  Hatchery  
  30  3:15  Drone  
  30  3:19  Drone  
  32  3:24  Zergling x4  
  35  3:27  Drone  
  35  3:29  Overlord  
  35  3:35  Drone x3  
  35  3:38  Drone  
  35  3:40  Drone  
  40  3:53  Drone x5  
  44  3:57  Queen  
  44  3:58  Spore Crawler  
  44  3:59  Spore Crawler  
  43  4:04  Drone x2  
  43  4:06  Drone x3  
  48  4:16  Zergling x4  
  48  4:19  Overlord  
  48  4:22  Queen  
  50  4:34  Drone x2  
  50  4:35  Drone  
  50  4:36  Overlord  
  56  4:38  Drone x4  
  56  4:41  Queen  
  56  4:42  Drone  
  59  4:46  Drone  
  59  4:47  Overlord  
  59  4:55  Drone x5  
  59  4:57  Zergling x4  
  66  5:03  Extractor  
  66  5:04  Baneling Nest  
  66  5:06  Drone x3  
  67  5:10  Overlord  
  67  5:15  Drone x7  
  67  5:17  Drone  
  67  5:20  Extractor  
  67  5:21  Drone  
  75  5:22  Extractor  
  75  5:24  Lair  
  75  5:25  Overlord  
  73  5:31  Drone  
  74  5:37  Zergling x8  
  74  5:39  Overlord  
  74  5:42  Hatchery  
  77  5:47  Drone  
  77  5:48  Zergling x14  
  81  5:57  Drone  
  81  6:01  Overlord  
  81  6:02  Drone  
  82  6:04  Baneling x5  
  82  6:10  Drone x2  
  84  6:12  Drone x2, Overlord x2  
  84  6:17  Hatchery  
  85  6:18  Zergling x8  
  85  6:19  Zergling x2  
  85  6:23  Zergling x2  
  85  6:24  Zergling x4  
  82  6:33  Zergling x6  
  82  6:38  Hydralisk Den  
  82  6:39  Drone x4  
  86  6:46  Drone x8  
  94  6:49  Baneling x4  
  94  6:53  Overlord  
  93  7:02  Drone x5  
  93  7:05  Spore Crawler  
  97  7:14  Hydralisk  
  97  7:15  Hydralisk x9  
  108  7:18  Muscular Augments  
  109  7:22  Drone  
  109  7:23  Drone x2, Extractor  
  109  7:25  Hydralisk x3  
  109  7:28  Overlord  
  116  7:31  Baneling x2  
  116  7:32  Baneling  
  116  7:35  Zergling x10  
  121  7:43  Hydralisk x2  
  125  7:47  Zergling x10  
  125  7:49  Overlord  
  125  7:50  Drone  
  125  7:51  Drone  
  132  7:57  Hydralisk x4  
  139  8:02  Zergling x2  
  139  8:04  Overlord x2  
  140  8:08  Overlord  
  140  8:09  Zergling x2  
  140  8:10  Zergling x14  
  140  8:12  Extractor  
  147  8:13  Drone  
  147  8:14  Baneling  
  147  8:15  Baneling, Evolution Chamber, Drone  
  148  8:20  Centrifugal Hooks  
  148  8:22  Drone x2, Grooved Spines  
  148  8:23  Extractor, Drone x3  
  152  8:27  Drone x3  
  152  8:30  Overlord  
  155  8:35  Zergling x10  
  154  8:42  Zergling x20  
  154  8:47  Baneling x2  
  164  8:54  Baneling  
  164  8:55  Baneling x9  
  164  8:57  Zergling x16  
  164  9:01  Overseer, Pneumatized Carapace  
  164  9:02  Overlord x3  
  162  9:23  Hydralisk x12  
  176  9:29  Zergling x20  
  177  9:33  Hydralisk  
  177  9:34  Hydralisk x3  
  177  9:37  Hydralisk x2  
  173  9:38  Zergling x2  
  173  9:39  Zergling x12  
  180  9:46  Zergling x10  
  174  9:54  Zergling x2  
  174  9:55  Zergling x6  
  174  9:59  Zergling x2  
  178  10:00  Hatchery  
  178  10:02  Baneling x12  
  178  10:05  Zergling x8, Hatchery  
  175  10:07  Overlord  
  170  10:16  Hydralisk x8  
  170  10:19  Zergling x6  
  170  10:20  Overlord x2  
  188  10:27  Zergling x2  
  188  10:28  Zergling x16  
Tags
 
Add a new tag
Caveats
  • Supply blocks, unpowered buildings, or Contaminate may cause inaccurate times.
  • Supply counts are checked every 10 seconds.